[Event "SixDays Budapest IM-B 09-2024"]
[Site "Budapest"]
[Date "2024.09.26"]
[Round "4.1"]
[White "Nissinen, Niilo Man"]
[Black "Valkova, Angelika"]
[Result "1-0"]
[ECO "C42"]
[WhiteElo "2159"]
[BlackElo "2068"]
[Annotator "RC"]
[PlyCount "59"]
[EventDate "2024.09.24"]
[EventType "tourn"]
[EventCountry "HUN"]
[SourceTitle "playchess.com"]
[Source "ChessBase"]
[SourceQuality "1"]
[TimeControl "5400+30"]

1. e4 e5 2. Nf3 Nf6 3. Nc3 Bb4 4. Nxe5 O-O 5. Nd3 Bxc3 6. dxc3 Nxe4 7. Be2 Re8 8. O-O d6 9. Re1 Bf5 10. Nf4 Nd7 11. Be3 Ne5 12. h3 Qh4 13. Qc1 Rac8 14. Bd3 g5 15. Nd5 g4 16. Bxe4 Bxe4 17. Bg5 Nf3+ 18. gxf3 Qxh3 19. Nf6+ Kh8 20. Nxe4 h6 21. Bf6+ Kh7 22. Qf4 gxf3 23. Qg3 Rg8 24. Ng5+ Rxg5 25. Bxg5 Qf5 26. Qf4 Qg6 27. Re7 Rg8 28. Rxf7+ Rg7 29. Rxg7+ Qxg7 30. Qf5+ 1-0

[Event "SixDays Budapest IM-B 09-2024"]
[Site "Budapest"]
[Date "2024.09.26"]
[Round "4.2"]
[White "Nanditha V"]
[Black "Goldbeck, Lars"]
[Result "0-1"]
[ECO "B12"]
[WhiteElo "1903"]
[BlackElo "2359"]
[Annotator "RC"]
[PlyCount "36"]
[EventDate "2024.09.24"]
[EventType "tourn"]
[EventCountry "HUN"]
[SourceTitle "playchess.com"]
[Source "ChessBase"]
[SourceQuality "1"]
[TimeControl "5400+30"]

1. e4 c6 2. d4 d5 3. e5 Bf5 4. Nf3 e6 5. Be2 Nd7 6. O-O a5 7. a4 f6 8. Re1 fxe5 9. dxe5 Bc5 10. Nd4 Bxd4 11. Qxd4 Bxc2 12. Qg4 Qe7 13. Bg5 Qf7 14. Ra3 Ne7 15. Bd3 Bxd3 16. Rxd3 Qg6 17. Rd4 Nf5 18. Rf4 h5 0-1

[Event "SixDays Budapest IM-B 09-2024"]
[Site "Budapest"]
[Date "2024.09.26"]
[Round "4.3"]
[White "Skytte, Rasmus"]
[Black "Rodgers, Jack"]
[Result "0-1"]
[ECO "B39"]
[WhiteElo "2348"]
[BlackElo "2110"]
[Annotator "RC"]
[PlyCount "116"]
[EventDate "2024.09.24"]
[EventType "tourn"]
[EventCountry "HUN"]
[SourceTitle "playchess.com"]
[Source "ChessBase"]
[SourceQuality "1"]
[TimeControl "5400+30"]

1. e4 c5 2. Nf3 g6 3. d4 cxd4 4. Nxd4 Bg7 5. c4 Nc6 6. Be3 Nf6 7. Nc3 Ng4 8. Qxg4 Nxd4 9. Qd1 e5 10. Bd3 d6 11. O-O Be6 12. a4 O-O 13. b3 a6 14. Ra2 Qa5 15. Ne2 Nc6 16. Rd2 Rfd8 17. h3 Qb4 18. Rb2 Qa5 19. Bd2 Qc7 20. Qc1 Rac8 21. Rd1 f5 22. b4 f4 23. f3 g5 24. c5 Qf7 25. b5 axb5 26. axb5 Nb8 27. c6 bxc6 28. b6 Rd7 29. Nc3 Rb7 30. Qa1 Bf8 31. Rc1 h5 32. Kf2 Be7 33. Ke2 Kg7 34. Qa8 Bd8 35. Qa3 Qd7 36. Na4 c5 37. Bb5 Qe7 38. Ba5 Nc6 39. Bxc6 Rxc6 40. Qd3 c4 41. Qc3 g4 42. hxg4 hxg4 43. Qe1 Qg5 44. Qf2 Qh5 45. Kd2 Bh4 46. Qe2 Be7 47. Nc3 Rc8 48. Rbb1 Ra8 49. Ra1 Bd8 50. Nd5 Bxd5 51. exd5 gxf3 52. gxf3 Bxb6 53. Bxb6 Rxa1 54. Rxa1 Rxb6 55. Qxc4 Rb7 56. Qc6 Qh2+ 57. Kd3 Rb3+ 58. Ke4 Qh7# 0-1

[Event "SixDays Budapest IM-B 09-2024"]
[Site "Budapest"]
[Date "2024.09.26"]
[Round "4.4"]
[White "Polyik, Peter"]
[Black "Tippa, Aswath Srisai"]
[Result "0-1"]
[ECO "A13"]
[WhiteElo "2304"]
[BlackElo "1648"]
[Annotator "RC"]
[PlyCount "86"]
[EventDate "2024.09.24"]
[EventType "tourn"]
[EventCountry "HUN"]
[SourceTitle "playchess.com"]
[Source "ChessBase"]
[SourceQuality "1"]
[TimeControl "5400+30"]

1. c4 e6 2. g3 d5 3. Bg2 d4 4. Nf3 c5 5. e3 Nc6 6. exd4 cxd4 7. O-O Nf6 8. d3 Bd6 9. Bg5 h6 10. Bxf6 Qxf6 11. Nbd2 Qe7 12. Rc1 O-O 13. a3 a5 14. Nb3 Rd8 15. Re1 Bc7 16. c5 e5 17. Nbd2 Be6 18. Nc4 Bd5 19. Nfd2 Bxg2 20. Kxg2 Qxc5 21. Nxe5 Qd5+ 22. Nef3 a4 23. Ne4 Bb6 24. Rc4 f5 25. Ned2 Ba5 26. Kg1 Bxd2 27. Nxd2 Ne5 28. Rc7 Rdc8 29. Qc2 Re8 30. Rc5 Qd6 31. Rc1 f4 32. b4 Qg6 33. Ne4 f3 34. Rc7 Qg4 35. Qd1 Qh3 36. Qf1 Qxf1+ 37. Kxf1 Nxd3 38. Rd1 Rac8 39. Rxc8 Rxc8 40. Nd6 Rc2 41. Kg1 Nb2 42. Re1 d3 43. h4 d2 0-1

[Event "SixDays Budapest IM-B 09-2024"]
[Site "Budapest"]
[Date "2024.09.26"]
[Round "4.5"]
[White "Li, Xueyi"]
[Black "Pribelszky, Bence Daniel"]
[Result "0-1"]
[ECO "A40"]
[WhiteElo "2187"]
[BlackElo "2408"]
[Annotator "RC"]
[PlyCount "134"]
[EventDate "2024.09.24"]
[EventType "tourn"]
[EventCountry "HUN"]
[SourceTitle "playchess.com"]
[Source "ChessBase"]
[SourceQuality "1"]
[TimeControl "5400+30"]

1. d4 g6 2. g3 Bg7 3. Bg2 c5 4. dxc5 Na6 5. Nf3 Nxc5 6. O-O Nf6 7. Be3 b6 8. a4 Bb7 9. a5 O-O 10. b4 Ne6 11. axb6 Nd5 12. Ra3 Nxe3 13. Rxe3 axb6 14. Ne5 Bxg2 15. Kxg2 Qc7 16. Nf3 Rfc8 17. c3 Qc6 18. Kg1 Rc7 19. Qb3 Rac8 20. Nbd2 b5 21. Rd3 Bxc3 22. Rc1 Qa8 23. Rdxc3 Rxc3 24. Rxc3 Qa1+ 25. Nb1 Rxc3 26. Qxc3 Qxb1+ 27. Kg2 Qe4 28. Qd2 d5 29. Kg1 Kg7 30. h4 f6 31. Qa2 Kf7 32. Qd2 Qc4 33. Kg2 h5 34. Kf1 Ng7 35. Nd4 e5 36. Nc2 Nf5 37. Ne3 Nxe3+ 38. Qxe3 Qxb4 39. Qb6 Qb1+ 40. Kg2 Qe4+ 41. Kg1 Qxe2 42. Qd6 Qd1+ 43. Kg2 g5 44. hxg5 fxg5 45. Qxe5 Qd3 46. Qxg5 Qe4+ 47. Kg1 b4 48. Qxh5+ Ke7 49. Qg5+ Kd7 50. g4 b3 51. Qg7+ Kc6 52. Qc3+ Qc4 53. Qf6+ Kb5 54. Qg7 Qc1+ 55. Kg2 b2 56. Qb7+ Kc5 57. Qc7+ Kd4 58. Qb6+ Ke5 59. Qb8+ Ke4 60. Qb4+ d4 61. Qb7+ Kd3 62. Qf3+ Kd2 63. Qf4+ Kc3 64. Qc7+ Kd3 65. Qh7+ Kd2 66. Qh6+ Kd1 67. Qh1+ Ke2 0-1

[Event "SixDays Budapest IM-B 09-2024"]
[Site "Budapest"]
[Date "2024.09.26"]
[Round "5.1"]
[White "Valkova, Angelika"]
[Black "Li, Xueyi"]
[Result "1/2-1/2"]
[ECO "D30"]
[WhiteElo "2068"]
[BlackElo "2187"]
[Annotator "RC"]
[PlyCount "157"]
[EventDate "2024.09.24"]
[EventType "tourn"]
[EventCountry "HUN"]
[SourceTitle "playchess.com"]
[Source "ChessBase"]
[SourceQuality "1"]
[TimeControl "5400+30"]

1. d4 d5 2. c4 e6 3. cxd5 exd5 4. Nc3 c6 5. Bf4 Bd6 6. Bxd6 Qxd6 7. Qb3 Nf6 8. e3 O-O 9. Bd3 Nbd7 10. Nf3 c5 11. Qa3 Qb6 12. O-O cxd4 13. exd4 Rd8 14. Na4 Qa5 15. b4 Qc7 16. b5 Nf8 17. Rac1 Qd6 18. Qxd6 Rxd6 19. Rfe1 Bg4 20. Ne5 Bd7 21. Nxd7 Rxd7 22. Bf5 Rdd8 23. Rc7 g6 24. Bd3 Rd7 25. Re7 Rxe7 26. Rxe7 b6 27. Nc3 Ne6 28. Ne2 Kf8 29. Rb7 Ke8 30. f4 Nd7 31. f5 gxf5 32. Ng3 Nxd4 33. Nxf5 Nxf5 34. Bxf5 Nc5 35. Rc7 d4 36. Kf1 d3 37. Ke1 a6 38. Rc6 axb5 39. Rxb6 Rxa2 40. Rxb5 Re2+ 41. Kd1 Na4 42. Rb8+ Ke7 43. Bxd3 Nc3+ 44. Kc1 Rxg2 45. Bxh7 Rxh2 46. Rb7+ Kf8 47. Bd3 Ne2+ 48. Kd1 Nd4 49. Bc4 Rh1+ 50. Kd2 Nf3+ 51. Ke3 Ne5 52. Bd5 Rh4 53. Ra7 Kg7 54. Re7 Kf6 55. Ra7 Kg6 56. Re7 Ng4+ 57. Kf3 Nh6 58. Be4+ f5 59. Bd5 Ra4 60. Rb7 Ng4 61. Rb8 Nf6 62. Be6 Ra6 63. Bc4 Rc6 64. Bd3 Rc5 65. Rb5 Rxb5 66. Bxb5 Kg5 67. Bc6 Ng4 68. Kg2 Ne5 69. Bb7 f4 70. Be4 Nc4 71. Bb7 Kf5 72. Kf3 Nd6 73. Bd5 Ke5 74. Bc6 Nf5 75. Kg4 Ne3+ 76. Kf3 Nc2 77. Kf2 Nb4 78. Bb7 Nd5 79. Bxd5 1/2-1/2

[Event "SixDays Budapest IM-B 09-2024"]
[Site "Budapest"]
[Date "2024.09.26"]
[Round "5.2"]
[White "Pribelszky, Bence Daniel"]
[Black "Nanditha V"]
[Result "1-0"]
[ECO "A01"]
[WhiteElo "2408"]
[BlackElo "1903"]
[Annotator "RC"]
[PlyCount "115"]
[EventDate "2024.09.24"]
[EventType "tourn"]
[EventCountry "HUN"]
[SourceTitle "playchess.com"]
[Source "ChessBase"]
[SourceQuality "1"]
[TimeControl "5400+30"]

1. b3 Nf6 2. Bb2 g6 3. e4 d6 4. g3 Bg7 5. Bg2 O-O 6. Ne2 e5 7. O-O a5 8. Nbc3 Nc6 9. f4 Bg4 10. h3 Bxe2 11. Nxe2 Qe7 12. f5 g5 13. d3 h6 14. a3 Nd7 15. c3 b5 16. d4 Rfb8 17. d5 Nd8 18. Bc1 Nb7 19. Be3 Nbc5 20. Rf2 Bf6 21. Nc1 Kg7 22. Qh5 Rh8 23. Rc2 Nb6 24. Bf2 Qd7 25. Qe2 Rhb8 26. Bf1 Qe7 27. b4 axb4 28. cxb4 Na6 29. Qe1 Na4 30. Nb3 c5 31. dxc6 Nc7 32. Rd1 Qf8 33. Na5 Nb6 34. Rcd2 Nc8 35. Be2 Bd8 36. Qf1 Be7 37. Rc1 Kf6 38. Rc3 d5 39. exd5 Nd6 40. Qb1 Qc8 41. Bc5 Qf8 42. Kg2 Na6 43. Nb7 Nc7 44. Bxd6 Bxd6 45. Nc5 Kg7 46. Nd7 Qe8 47. f6+ Kh8 48. Nxb8 Rxb8 49. Qe4 Qg8 50. Bd3 Ne8 51. Qf3 Bc7 52. Re2 Rd8 53. Bxb5 e4 54. Qxe4 Nxf6 55. Qd4 Qg7 56. Rf3 Rd6 57. Bd3 Rxd5 58. Qxd5 1-0

[Event "SixDays Budapest IM-B 09-2024"]
[Site "Budapest"]
[Date "2024.09.26"]
[Round "5.3"]
[White "Tippa, Aswath Srisai"]
[Black "Nissinen, Niilo Man"]
[Result "1-0"]
[ECO "E01"]
[WhiteElo "1648"]
[BlackElo "2159"]
[Annotator "RC"]
[PlyCount "57"]
[EventDate "2024.09.24"]
[EventType "tourn"]
[EventCountry "HUN"]
[SourceTitle "playchess.com"]
[Source "ChessBase"]
[SourceQuality "1"]
[TimeControl "5400+30"]

1. d4 Nf6 2. c4 e6 3. g3 d5 4. Bg2 Bb4+ 5. Bd2 Be7 6. Nf3 O-O 7. O-O c6 8. Bc3 Ne4 9. a4 a5 10. Nbd2 f5 11. Nxe4 fxe4 12. Nd2 Bf6 13. e3 Nd7 14. f3 exf3 15. Bxf3 Qb6 16. Qe2 c5 17. cxd5 cxd4 18. Nc4 Qc5 19. exd4 Bxd4+ 20. Bxd4 Qxd4+ 21. Kh1 exd5 22. Rad1 Qc5 23. Bxd5+ Kh8 24. Rxf8+ Nxf8 25. Ne5 h6 26. Nf7+ Kh7 27. Qe4+ Ng6 28. Ne5 Ra6 29. Bf7 1-0

[Event "SixDays Budapest IM-B 09-2024"]
[Site "Budapest"]
[Date "2024.09.26"]
[Round "5.4"]
[White "Rodgers, Jack"]
[Black "Polyik, Peter"]
[Result "1-0"]
[ECO "A45"]
[WhiteElo "2110"]
[BlackElo "2304"]
[Annotator "RC"]
[PlyCount "123"]
[EventDate "2024.09.24"]
[EventType "tourn"]
[EventCountry "HUN"]
[SourceTitle "playchess.com"]
[Source "ChessBase"]
[SourceQuality "1"]
[TimeControl "5400+30"]

1. d4 Nf6 2. Bg5 d5 3. Bxf6 gxf6 4. e3 c5 5. dxc5 Nc6 6. a3 e6 7. c4 d4 8. exd4 Qxd4 9. Nc3 Qe5+ 10. Qe2 Bxc5 11. Nf3 Qxe2+ 12. Bxe2 Nd4 13. Rd1 Nxe2 14. Kxe2 Ke7 15. Ne4 b6 16. b4 Bb7 17. Nxc5 bxc5 18. Rb1 Rhg8 19. g3 Rg4 20. Rhc1 Re4+ 21. Kf1 Rd8 22. Rc3 e5 23. Re1 Ke6 24. b5 Rxe1+ 25. Kxe1 Bxf3 26. Rxf3 e4 27. Rb3 Ke5 28. a4 Kd4 29. a5 Kxc4 30. Rb1 Kc3 31. b6 axb6 32. axb6 Rb8 33. b7 Kd4 34. Kd2 f5 35. Kc2 Kd5 36. Kc3 Kc6 37. Kc4 Rxb7 38. Rxb7 Kxb7 39. Kxc5 f4 40. gxf4 Kc7 41. Kd5 Kd7 42. Ke5 Ke7 43. h3 f6+ 44. Kd5 Kd7 45. f5 h6 46. Kxe4 Kd6 47. Kf4 Ke7 48. f3 Kd6 49. Kg4 Ke5 50. Kh5 Kxf5 51. Kxh6 Kf4 52. h4 Kxf3 53. Kg6 Kg4 54. h5 f5 55. h6 f4 56. h7 f3 57. h8=Q Kg3 58. Qh1 Kf2 59. Kf5 Ke2 60. Ke4 f2 61. Qf3+ Ke1 62. Qe3+ 1-0

[Event "SixDays Budapest IM-B 09-2024"]
[Site "Budapest"]
[Date "2024.09.26"]
[Round "5.5"]
[White "Goldbeck, Lars"]
[Black "Skytte, Rasmus"]
[Result "1/2-1/2"]
[ECO "D32"]
[WhiteElo "2359"]
[BlackElo "2348"]
[Annotator "RC"]
[PlyCount "47"]
[EventDate "2024.09.24"]
[EventType "tourn"]
[EventCountry "HUN"]
[SourceTitle "playchess.com"]
[Source "ChessBase"]
[SourceQuality "1"]
[TimeControl "5400+30"]

1. d4 d5 2. c4 e6 3. Nc3 c5 4. cxd5 cxd4 5. Qa4+ Bd7 6. Qxd4 exd5 7. Qxd5 Nf6 8. Qd1 Bc5 9. Nf3 O-O 10. e3 Nc6 11. Be2 Qe7 12. O-O Ne5 13. Nd4 Rfd8 14. Bd2 Nc6 15. Nb3 Bb6 16. Nb5 Bf5 17. Qe1 a6 18. N5d4 Nxd4 19. Nxd4 Bxd4 20. exd4 Rxd4 21. Bf3 Qxe1 22. Bxe1 Ne4 23. Rc1 Re8 24. Bxe4 1/2-1/2

[Event "SixDays Budapest IM-B 09-2024"]
[Site "Budapest"]
[Date "2024.09.28"]
[Round "7.1"]
[White "Valkova, Angelika"]
[Black "Nanditha V"]
[Result "1-0"]
[ECO "E71"]
[WhiteElo "2068"]
[BlackElo "1903"]
[Annotator "ChessBase"]
[PlyCount "65"]
[EventDate "2024.09.24"]
[EventType "tourn"]
[EventCountry "HUN"]
[SourceTitle "playchess.com"]
[Source "ChessBase"]
[SourceQuality "1"]
[TimeControl "5400+30"]

1. d4 Nf6 2. c4 g6 3. Nc3 Bg7 4. e4 d6 5. h3 O-O 6. Be3 Nbd7 7. Qd2 e5 8. d5 a6 9. g4 Nc5 10. f3 b5 11. b4 Na4 12. Nxa4 bxa4 13. c5 Ne8 14. h4 f5 15. gxf5 gxf5 16. Ne2 fxe4 17. fxe4 Nf6 18. Ng3 Bg4 19. h5 Rf7 20. c6 Bf3 21. Bg2 Ng4 22. Bg5 Bf6 23. Bxf6 Qxf6 24. Nf5 Bxg2 25. Qxg2 Qg5 26. Qxg4 Qxg4 27. Nh6+ Kh8 28. Nxg4 Raf8 29. Ne3 Rf3 30. Ke2 Rf2+ 31. Kd3 Rb2 32. Rhf1 Rb8 33. Nc2 1-0

[Event "SixDays Budapest IM-B 09-2024"]
[Site "Budapest"]
[Date "2024.09.28"]
[Round "7.2"]
[White "Tippa, Aswath Srisai"]
[Black "Pribelszky, Bence Daniel"]
[Result "1/2-1/2"]
[ECO "C01"]
[WhiteElo "1648"]
[BlackElo "2408"]
[Annotator "ChessBase"]
[PlyCount "115"]
[EventDate "2024.09.24"]
[EventType "tourn"]
[EventCountry "HUN"]
[SourceTitle "playchess.com"]
[Source "ChessBase"]
[SourceQuality "1"]
[TimeControl "5400+30"]

1. e4 e6 2. d4 d5 3. exd5 exd5 4. Bf4 Bd6 5. Qd2 Ne7 6. Nc3 c6 7. O-O-O O-O 8. h4 b5 9. h5 a5 10. h6 g6 11. Nge2 Na6 12. Bxd6 Qxd6 13. Qf4 Qxf4+ 14. Nxf4 f6 15. a4 b4 16. Nb1 Nf5 17. Bxa6 Rxa6 18. g4 Nd6 19. f3 Ra7 20. Rde1 Kf7 21. Nd2 Re8 22. Rxe8 Nxe8 23. Nd3 Nd6 24. Re1 g5 25. Nc5 Kg6 26. Ne6 Re7 27. Nf4+ Kf7 28. Rxe7+ Kxe7 29. Nd3 Ba6 30. Nc5 Be2 31. c3 bxc3 32. bxc3 Nc4 33. Nxc4 dxc4 34. Nb7 Kd7 35. Kd2 Bxf3 36. Nxa5 Bxg4 37. Nxc4 Be6 38. Nb6+ Kc7 39. a5 Bb3 40. c4 f5 41. d5 cxd5 42. cxd5 g4 43. d6+ Kxd6 44. a6 g3 45. Ke1 Bc2 46. Nd5 Be4 47. Nf6 Kc6 48. Nxh7 f4 49. Ng5 Bd3 50. Ne6 f3 51. Nd4+ Kb6 52. Nxf3 Kxa6 53. Kd2 Bb1 54. Ke3 Kb6 55. Kf4 g2 56. Kg3 Kc5 57. Kxg2 Kd6 58. Kg3 1/2-1/2

[Event "SixDays Budapest IM-B 09-2024"]
[Site "Budapest"]
[Date "2024.09.28"]
[Round "7.3"]
[White "Rodgers, Jack"]
[Black "Li, Xueyi"]
[Result "1-0"]
[ECO "D43"]
[WhiteElo "2110"]
[BlackElo "2187"]
[Annotator "ChessBase"]
[PlyCount "225"]
[EventDate "2024.09.24"]
[EventType "tourn"]
[EventCountry "HUN"]
[SourceTitle "playchess.com"]
[Source "ChessBase"]
[SourceQuality "1"]
[TimeControl "5400+30"]

1. d4 d5 2. c4 c6 3. Nc3 Nf6 4. Nf3 e6 5. Bg5 h6 6. Bxf6 Qxf6 7. e3 Nd7 8. Rc1 g6 9. Be2 Bg7 10. O-O O-O 11. cxd5 exd5 12. b4 a6 13. a4 b5 14. a5 Qe7 15. Na2 Bb7 16. Re1 Nf6 17. Ne5 Ne4 18. Nd3 Nd6 19. Nc5 Bc8 20. Nc3 h5 21. Bf3 Bf5 22. Ne2 h4 23. Nf4 Rfe8 24. Bg4 Bh6 25. Nfd3 Bg7 26. Bxf5 Nxf5 27. Qg4 Qd6 28. g3 Qe7 29. Kg2 Qd8 30. Kg1 Qc8 31. Qf3 Ra7 32. Nf4 Nd6 33. gxh4 Nc4 34. Kh1 Qf5 35. Rg1 Bh6 36. Qh5 Qxh5 37. Nxh5 Kh8 38. Nf6 Rd8 39. Ng4 Bf8 40. Nd3 Bd6 41. h5 g5 42. Nge5 Bxe5 43. Nxe5 Nxe5 44. dxe5 Rc7 45. Rg4 Kh7 46. Rcg1 Re7 47. Rxg5 d4 48. h6 d3 49. Rg7+ Kxh6 50. R7g4 Rxe5 51. Rh4+ Rh5 52. Rxh5+ Kxh5 53. Rd1 f5 54. Kg2 Rg8+ 55. Kf3 Rg4 56. Rxd3 Rxb4 57. Rc3 Ra4 58. Rc5 Kg5 59. e4 Ra3+ 60. Kg2 Rxa5 61. Rxf5+ Kg4 62. h3+ Kh4 63. Rc5 Ra4 64. Rxc6 Rxe4 65. Rxa6 Rb4 66. Rb6 Rb3 67. Rb8 Kg5 68. Rg8+ Kh5 69. f3 Rb2+ 70. Kg3 Rb4 71. Rh8+ Kg5 72. h4+ Kg6 73. f4 Rb1 74. h5+ Kg7 75. Rb8 b4 76. Kg4 b3 77. Kg5 Rg1+ 78. Kf5 Rb1 79. Rb6 b2 80. Rb8 Kh6 81. Rb7 Ra1 82. Rxb2 Ra5+ 83. Kg4 Ra6 84. Rb4 Ra1 85. Rb6+ Kg7 86. Rg6+ Kf7 87. Kg5 Rg1+ 88. Kf5 Rh1 89. Rf6+ Kg7 90. h6+ Kh7 91. Ke6 Ra1 92. f5 Ra6+ 93. Ke5 Ra5+ 94. Kf4 Ra1 95. Rg6 Rf1+ 96. Kg5 Rg1+ 97. Kf6 Ra1 98. Ke5 Ra5+ 99. Kf4 Ra1 100. Re6 Rf1+ 101. Ke5 Re1+ 102. Kd6 Rf1 103. Ke5 Re1+ 104. Kf6 Rf1 105. Re2 Ra1 106. Kf7 Kxh6 107. f6 Ra7+ 108. Re7 Ra6 109. Re6 Ra8 110. Re8 Ra7+ 111. Ke6 Kg6 112. Rg8+ Kh7 113. f7 1-0

[Event "SixDays Budapest IM-B 09-2024"]
[Site "Budapest"]
[Date "2024.09.28"]
[Round "7.4"]
[White "Goldbeck, Lars"]
[Black "Nissinen, Niilo Man"]
[Result "1-0"]
[ECO "A46"]
[WhiteElo "2359"]
[BlackElo "2159"]
[Annotator "ChessBase"]
[PlyCount "108"]
[EventDate "2024.09.24"]
[EventType "tourn"]
[EventCountry "HUN"]
[SourceTitle "playchess.com"]
[Source "ChessBase"]
[SourceQuality "1"]
[TimeControl "5400+30"]

1. d4 Nf6 2. Nf3 d5 3. c4 e6 4. e3 Be7 5. b3 O-O 6. Bd3 b6 7. O-O Bb7 8. cxd5 exd5 9. Ba3 c5 10. Nc3 Nbd7 11. Ne2 Bd6 12. Ng3 Rc8 13. Qe2 Re8 14. Bb2 Ne4 15. Rad1 Ndf6 16. dxc5 bxc5 17. Nf5 Bf8 18. Ba6 Qb6 19. Bxb7 Qxb7 20. Nd2 c4 21. Nxe4 Nxe4 22. Bd4 g6 23. Ng3 Bg7 24. Nxe4 Rxe4 25. Bxg7 Kxg7 26. Qd2 cxb3 27. Qb2+ Kg8 28. axb3 Rb4 29. Rd3 Rb8 30. Qe5 Rd8 31. Qf6 Rc8 32. Qd6 Rxb3 33. Rxd5 Qc7 34. Qf6 Qc4 35. Rd4 Qc2 36. Rd8+ Rxd8 37. Qxd8+ Kg7 38. Qd4+ Kg8 39. Qxa7 Rb1 40. Qa8+ Kg7 41. g3 Rb2 42. Qd5 Qc3 43. Rd1 Qf6 44. Rd2 Rb1+ 45. Kg2 Rb6 46. Rd4 Qc6 47. Qxc6 Rxc6 48. g4 Rc5 49. h4 h6 50. Kf3 Kf6 51. Rd6+ Ke7 52. Ra6 h5 53. g5 Rc1 54. Kf4 Rc5 1-0

[Event "SixDays Budapest IM-B 09-2024"]
[Site "Budapest"]
[Date "2024.09.28"]
[Round "7.5"]
[White "Skytte, Rasmus"]
[Black "Polyik, Peter"]
[Result "1/2-1/2"]
[ECO "A06"]
[WhiteElo "2348"]
[BlackElo "2304"]
[Annotator "ChessBase"]
[PlyCount "110"]
[EventDate "2024.09.24"]
[EventType "tourn"]
[EventCountry "HUN"]
[SourceTitle "playchess.com"]
[Source "ChessBase"]
[SourceQuality "1"]
[TimeControl "5400+30"]

1. Nf3 d5 2. g3 g6 3. Bg2 Bg7 4. O-O e5 5. d3 Nc6 6. Nc3 d4 7. Ne4 Nge7 8. c3 h6 9. cxd4 exd4 10. a3 a5 11. b3 O-O 12. Bb2 b6 13. Rc1 Be6 14. Qc2 Rc8 15. Rfe1 Qd5 16. Ned2 Qd7 17. Ne4 Qd5 18. Ned2 Qd7 19. Ne4 Na7 20. b4 axb4 21. axb4 Nb5 22. e3 f5 23. Ned2 Nd5 24. Bxd4 Nxb4 25. Qb1 Nxd4 26. Nxd4 c5 27. Nxe6 Qxe6 28. d4 Kh7 29. Nc4 Rfd8 30. d5 Nxd5 31. Bxd5 Rxd5 32. Qxb6 Rc6 33. Qb5 Rc7 34. h4 h5 35. Rb1 Ra7 36. Red1 Rxd1+ 37. Rxd1 Qe7 38. Qc6 Ra1 39. Rxa1 Bxa1 40. Nb6 Be5 41. Nd5 Qd6 42. Qb7+ Kh6 43. Qb3 Bxg3 44. fxg3 Qxg3+ 45. Kf1 Qxh4 46. Nf4 Qg3 47. Ke2 Qh2+ 48. Kd3 Qh1 49. Qg8 Qb1+ 50. Ke2 Qc2+ 51. Kf3 Qd1+ 52. Kf2 Qd2+ 53. Kf3 Qd1+ 54. Kf2 Qd2+ 55. Kf3 Qd1+ 1/2-1/2